 Dungeon Crawl Stone Soup version 0.32-a0-685-g93135e86f0 (webtiles) character file.

Game seed: 10532676733234703596

4601 glumboglumbo the Thaumaturge (level 10, -6/70 HPs)
             Began as a Demonspawn Fire Elementalist on Mar 8, 2024.
             Was a Believer of Sif Muna.
             Mangled by a boulder beetle (13 damage)
             ... on level 7 of the Dungeon on Mar 12, 2024.
             The game lasted 00:41:51 (8180 turns).

glumboglumbo the Thaumaturge (DsFE)                 Turns: 8180, Time: 00:41:52

Health: -6/70      AC: 11    Str:  8    XL:     10   Next: 19%
Magic:  0/22       EV: 17    Int: 20    God:    Sif Muna [**....]
Gold:   395        SH:  0    Dex: 14    Spells: 13/26 levels left

rFire   + . .        n - staff of fire
rCold   . . .        (no shield)
rNeg    . . .        s - +2 acid dragon scales
rPois   .            (no helmet)
rElec   .            m - +0 cloak {Will+}
rCorr   +            (no gloves)
SInv    .            (no boots)
Will    +....        h - amulet of guardian spirit
Stlth   ++           (no ring)
HPRegen 0.31/turn    (no ring)
MPRegen 0.18/turn

%: guardian spirit
@: agile
A: rugged brown scales 2, demonic guardian 2, powered by pain 3
a: Renounce Religion, Channel Magic


You were on level 7 of the Dungeon.
You worshipped Sif Muna.
Sif Muna was pleased with you.
You visited 1 branch of the dungeon, and saw 7 of its levels.

You collected 395 gold pieces.

Inventory:

Hand Weapons
 t - a +4 quarterstaff of chaos
Armour
 a - a +0 robe
 m - a +0 cloak of willpower (worn)
 s - +2 acid dragon scales (worn)
Magical Staves
 i - a staff of cold
 n - a staff of fire (weapon)
Jewellery
 h - an amulet of guardian spirit (around neck)
Scrolls
 c - 2 scrolls of poison {unknown}
 d - 4 scrolls of teleportation
 g - a scroll of fear {unknown}
 j - a scroll of vulnerability {unknown}
 k - 2 scrolls of amnesia
 o - a scroll of fog {unknown}
 q - a scroll of revelation {unknown}
Potions
 l - a potion of might
 p - a potion of curing {unknown}
 r - a potion of lignification {unknown}


   Skills:
 + Level 2.2 Fighting
 * Level 4.2 Staves
 + Level 2.4 Armour
 + Level 3.3 Dodging
 + Level 2.5 Stealth
 + Level 8.6 Spellcasting
 + Level 3.5 Conjurations
 + Level 0.5 Translocations
 + Level 8.3 Fire Magic


You had 13 spell levels left.
You knew the following spells:

 Your Spells              Type           Power      Damage    Failure   Level
a - Foxfire               Conj/Fire      100%       2x1d9     1%          1
b - Scorch                Fire           100%       2d9       1%          2
c - Volatile Blastmotes   Fire/Tloc      78%        2d16      7%          3
d - Inner Flame           Hex/Fire       38%        N/A       8%          3
e - Flame Wave            Conj/Fire      48%        2d12      12%         4

Your spell library contained the following spells:

 Spells                   Type           Power      Damage    Failure   Level
 Magic Dart               Conj           88%        1d7       3%          1
 Searing Ray              Conj           44%        2d6       4%          2
 Slow                     Hex            32%        N/A       14%         1
 Confusing Touch          Hex            8%         N/A       38%         3
 Tukima's Dance           Hex            8%         N/A       38%         3
 Vampiric Draining        Necr           8%         2d6       38%         3
 Fulminant Prism          Conj/Alch      7%         3d7       54%         4
 Passage of Golubria      Tloc           10%        N/A       73%         4
 Yara's Violent Unravell  Hex/Alch       4%         3d4       98%         5


Dungeon Overview and Level Annotations

Branches:
Dungeon (7/15)             Temple (0/1) D:6

Altars:
Cheibriados
Gozag
Okawaru
Qazlal
Sif Muna
Trog

Shops:
D:4 (


Innate Abilities, Weirdness & Mutations

You are mostly covered in rugged brown scales. (AC +2, +5% HP)
A demonic guardian rushes to your aid.
You are powered by pain.


Message History

You hit the slime creature but do no damage.
The slime creature is moderately wounded.
The slime creature misses you.
The boulder beetle leaps!
You hit the slime creature.
The slime creature is moderately wounded.
The slime creature closely misses you.
You hit the slime creature but do no damage.
The slime creature is moderately wounded.
The slime creature hits you but does no damage.
You hit the slime creature.
The slime creature is moderately wounded.
The slime creature misses you.
You hit the slime creature.
The slime creature is moderately wounded.
The slime creature hits you but does no damage.
Casting: Foxfire (safe; 1% risk of failure)
Confirm with . or Enter, or press ? or * to list all spells.
You feel a surge of power!
Flames lash the slime creature.
The slime creature is burned terribly!
The slime creature is severely wounded.
The slime creature closely misses you.
You hit the slime creature.
The slime creature is severely wounded.
The slime creature hits you!
* * * LOW HITPOINT WARNING * * *
You barely miss the slime creature.
The slime creature is severely wounded.
The slime creature hits you!
* * * LOW HITPOINT WARNING * * *
A demonic guardian appears!
You hit the slime creature. You burn the slime creature.
The slime creature is almost dead.
The slime creature hits you but does no damage.
Your orange demon stings the slime creature but does no damage.
Your orange demon hits the slime creature.
The slime creature looks weaker.
You hit the slime creature.
The slime creature is almost dead.
The boulder beetle bites you!
You die...

.###.###.##)##.......
##.#)#.###.).##..##..
#.##(##.##.#.##...##.
#.....##.....##..#..
#.....####.####.....
##...##[......##...#
#4..###.4B..###...#
##J##.#.#.#.#.##.##
#@##...#.#...##.#
##B.#############
####


You could see a boulder beetle, a slime creature (combustible, weak, ally
target) and a friendly orange demon (summoned).

Vanquished Creatures
  An ugly thing (D:7)
  A cyclops (D:7)
  Maggie (D:6)
  A wraith (D:7)
  A yak (D:7)
  2 steam dragons (D:7)
  A water moccasin (D:7)
  Duvessa (D:5)
  3 black bears
  An ice beast (D:7)
  4 sky beasts
  2 ogres
  A centaur (D:7)
  A scorpion (D:5)
  A bullfrog (D:7)
  4 wights (D:6)
  Dowan (D:5)
  4 jellies
  A bombardier beetle (D:6)
  2 orc priests (D:6)
  5 hounds
  4 iguanas
  7 orc wizards
  A gnoll (D:1)
  6 adders
  A shadow imp (D:7)
  A white imp (D:5)
  3 ufetubi (D:7)
  4 dart slugs
  3 ribbon worms
  20 orcs
  4 ball pythons
  3 bats
  9 endoplasms
  2 giant cockroaches
  2 goblins
  8 hobgoblins
  2 jackals (D:2)
  4 frilled lizards
  3 kobolds
126 creatures vanquished.

Vanquished Creatures (collateral kills)
  An ugly thing (D:7)
  A basilisk (D:7)
  A centaur (D:5)
  Crazy Yiuf (D:6)
  3 foxfires
7 creatures vanquished.

Vanquished Creatures (others)
  181 foxfires
181 creatures vanquished.

Grand Total: 314 creatures vanquished

Notes
Turn   | Place    | Note
-------+----------+-------------------------------------------
     0 | D:1      | glumboglumbo the Demonspawn Fire Elementalist began the
                  | quest for the Orb.
     0 | D:1      | Reached XP level 1. HP: 13/13 MP: 3/3
   581 | D:1      | Gained mutation: You are partially covered in rugged brown
                  | scales. (AC +1, +3% HP) [demonic ancestry]
   581 | D:1      | Reached XP level 2. HP: 13/19 MP: 0/5
   636 | D:1      | Learned a level 2 spell: Scorch
   878 | D:1      | Found a faded altar of an unknown god.
  1198 | D:2      | Gained mutation: You are mostly covered in rugged brown
                  | scales. (AC +2, +5% HP) [demonic ancestry]
  1198 | D:2      | Reached XP level 3. HP: 19/25 MP: 0/6
  1541 | D:2      | Found a shimmering blue altar of Sif Muna.
  1584 | D:2      | Became a worshipper of Sif Muna the Loreminder
  2329 | D:2      | Upgraded the game from 0.32-a0-656-g3542139ebd to
                  | 0.32-a0-685-g93135e86f0
  2493 | D:3      | Found a stormy altar of Qazlal.
  2530 | D:3      | Gained mutation: A weak demonic guardian rushes to your
                  | aid. [demonic ancestry]
  2530 | D:3      | Reached XP level 4. HP: 31/31 MP: 3/8
  2601 | D:3      | Found an opulent altar of Gozag.
  3071 | D:3      | You fall into a shaft and drop 1 floor!
  3089 | D:4      | Gained mutation: You sometimes gain a little power by
                  | taking damage. [demonic ancestry]
  3089 | D:4      | Reached XP level 5. HP: 36/36 MP: 3/10
  3149 | D:4      | Found Ipino's Weapon Boutique.
  3493 | D:4      | Noticed an ogre
  3507 | D:4      | Killed an ogre
  3508 | D:4      | Gained mutation: You sometimes gain power by taking damage.
                  | [demonic ancestry]
  3508 | D:4      | Reached XP level 6. HP: 18/43 MP: 7/11
  4214 | D:5      | Entered Level 5 of the Dungeon
  4437 | D:5      | Noticed a sky beast
  4647 | D:5      | Noticed Dowan
  4653 | D:5      | Noticed Duvessa
  4654 | D:5      | Killed Dowan
  4655 | D:5      | Reached XP level 7. HP: 49/49 MP: 7/13
  4659 | D:5      | Killed Duvessa
  4660 | D:5      | Reached skill level 5 in Fire Magic
  4672 | D:5      | Reached skill level 5 in Spellcasting
  5153 | D:5      | Learned a level 3 spell: Volatile Blastmotes
  5157 | D:5      | Learned a level 3 spell: Inner Flame
  5159 | D:5      | Found an iron altar of Okawaru.
  5415 | D:6      | Reached * piety under Sif Muna
  5446 | D:6      | Gained mutation: A demonic guardian rushes to your aid.
                  | [demonic ancestry]
  5446 | D:6      | Reached XP level 8. HP: 48/55 MP: 0/16
  5611 | D:6      | Found a snail-covered altar of Cheibriados.
  5630 | D:6      | Found a staircase to the Ecumenical Temple.
  5840 | D:6      | Noticed Maggie
  5847 | D:6      | Killed Maggie
  6094 | D:6      | Reached skill level 1 in Staves
  6220 | D:6      | Learned a level 4 spell: Flame Wave
  6479 | D:6      | Found a runed translucent door.
  6480 | D:6      | Noticed Crazy Yiuf
  6485 | D:6      | Killed Crazy Yiuf
  6727 | D:6      | Reached skill level 1 in Fighting
  6727 | D:6      | Reached skill level 1 in Armour
  7019 | D:6      | Found a bloodstained altar of Trog.
  7404 | D:7      | Reached XP level 9. HP: 61/61 MP: 10/19
  7717 | D:7      | Reached ** piety under Sif Muna
  7962 | D:7      | Noticed a red ugly thing
  7974 | D:7      | Killed a red ugly thing
  8090 | D:7      | Noticed a cyclops
  8096 | D:7      | Noticed a cyan ugly thing
  8099 | D:7      | Killed a cyclops
  8106 | D:7      | Gained mutation: You are powered by pain. [demonic
                  | ancestry]
  8106 | D:7      | Reached XP level 10. HP: 67/70 MP: 3/22
  8114 | D:7      | Killed a cyan ugly thing
  8117 | D:7      | Noticed a boulder beetle
  8180 | D:7      | Mangled by a boulder beetle

Illustrated notes

Levels and vault maps discovered:
D:1:      nzn_arrival_settlement, layout_loops_ring,
          shapermc_ecumenical_altar_hornbeckon, dreamdust_princess_bridge,
          minmay_misc_feat_ornament
D:2:      layout_basic, basic_altar, serial_glass, glass_columns_a,
          glass_columns_a
D:3:      layout_loops_cross, grunt_gozag_breadcrumbs,
          mainiacjoe_overflow_alcove_1
D:4:      layout_loops_ring, serial_glass, glass_columns_a, glass_columns_c,
          serial_shops, nicolae_shop_tiny_waterfront
D:5:      layout_rooms, okawaru_altar_gauntlet_db, mainiacjoe_overflow_catwalk,
          uniq_duvessa
D:6:      layout_loops_corners, cheibriados_altar_1, trog_ov_bears_minmay,
          minmay_temple_entry_stoned_glass, item_on_display_a, uniq_maggie,
          uniq_crazy_yiuf_cottage
D:7:      minmay_the_grid_triangle_9x9_rhombus_full
          [minmay_the_grid_triangle_9x9_pentomino_pain,
          minmay_the_grid_triangle_9x9_alien,
          minmay_the_grid_triangle_9x9_steps,
          minmay_the_grid_triangle_9x9_zippers_horizontal,
          minmay_the_grid_triangle_9x9_limited_checkers,
          minmay_the_grid_triangle_9x9_negative_grid,
          minmay_the_grid_triangle_9x9_warning,
          minmay_the_grid_triangle_9x9_prize_special], layout_basic,
          enter_bailey_4

Skill      XL: |  1  2  3  4  5  6  7  8  9 10 |
---------------+-------------------------------+-----
Fire Magic     | 3 4 5 7 8 |  8.3
Stealth        | 2 |  2.5
Dodging        | 2 3 |  3.3
Spellcasting   | 3 4 5 7 8 |  8.6
Conjurations   | 2 3 |  3.5
Staves         | 1 3 4 |  4.2
Fighting       | 1 2 |  2.2
Armour         | 1 2 |  2.4
Translocations | |  0.5

Action                     |  1- 3 |  4- 6 |  7- 9 | 10-12 || total
---------------------------+-------+-------+-------+-------++-------
  Melee: Unarmed           |     6 |       |       |       ||     6
         Staff             |     7 |    18 |    69 |    13 ||   107
   Cast: Foxfire           |    61 |    42 |    27 |     1 ||   131
         Scorch            |    11 |    23 |   103 |     8 ||   145
         Volatile Blastmot |       |       |     4 |       ||     4
         Flame Wave        |       |       |     9 |     2 ||    11
    Use: Scroll            |     3 |     2 |       |       ||     5
         Potion            |       |     1 |     2 |     2 ||     5
 Armour: Robe              |    14 |    39 |    20 |       ||    73
         Acid dragon scale |       |       |   112 |    20 ||   132
  Dodge: Dodged            |    18 |    17 |    68 |    13 ||   116

Table legend: (Time is in decaauts)
 A = Elapsed time spent in this place.
 B = Non-inter-level travel time spent in this place.
 C = Inter-level travel time spent in this place.
 D = Time resting spent in this place.
 E = Time spent auto-exploring this place.
 F = Levels seen in this place.
 G = Mean time per level.
                   A        B        C        D        E       F      G
               +--------+--------+--------+--------+--------+-----+--------+
         Total |   8210 |   7836 |    374 |   3251 |   3351 |   7 | 1172.9 |
       Dungeon |   8210 |   7836 |    374 |   3251 |   3351 |   7 | 1172.9 |
               +--------+--------+--------+--------+--------+-----+--------+

Top non-repeatable levels by time:
     D:6: 1788 daAuts
     D:2: 1521 daAuts
     D:5: 1181 daAuts
     D:4: 1143 daAuts
     D:7: 1017 daAuts
     D:1: 916 daAuts
     D:3: 642 daAuts
